 Dungeon Crawl Stone Soup version 0.24.0-1-gfbc8707 (webtiles) character file.

Game seed: 5282175555548281092, levelgen mode: deterministic

366 xraymikek the Magician (level 6, -3/28 HPs)
             Began as a Spriggan Enchanter on Nov 8, 2019.
             Slain by an orc
             ... wielding a +0 trident
              (8 damage)
             ... on level 6 of the Dungeon.
             The game lasted 00:09:40 (3509 turns).

xraymikek the Magician (Spriggan Enchanter)         Turns: 3509, Time: 00:09:41

Health: -3/28      AC:  3    Str:  4    XL:     6   Next: 40%
Magic:  11/16      EV: 18    Int: 18    God:
Gold:   174        SH:  0    Dex: 17    Spells: 11/17 levels left

rFire    . . .     SeeInvis +   a - +1 dagger (flame)
rCold    . . .     Gourm    .   (shield restricted)
rNeg     . . .     Faith    .   b - +0 robe
rPois    .         Spirit   .   (helmet restricted)
rElec    .         Reflect  .   f - +0 cloak
rCorr    .         Harm     .   (gloves unavailable)
MR       +....                  (boots unavailable)
Stlth    +++.......             (no amulet)
HPRegen  0.09/turn              (no ring)
MPRegen  0.15/turn              (no ring)

@: very quick
A: very small, unfitting armour, see invisible, herbivore, speed 3, slow
metabolism 2
a: no special abilities


You were on level 6 of the Dungeon.
You were not hungry.

You visited 1 branch of the dungeon, and saw 6 of its levels.
You also visited: Sewer.

You collected 174 gold pieces.

Inventory:

Hand Weapons
 a - a +1 dagger of flaming (weapon)
Missiles
 h - 46 stones (quivered)
 j - 40 arrows
Armour
 b - a +0 robe (worn)
 f - a +0 cloak (worn)
Scrolls
 e - 4 scrolls of identify {unknown}
 g - a scroll of remove curse {unknown}
 i - 2 scrolls of teleportation {unknown}
 k - a scroll of fog {unknown}
Potions
 c - 2 potions of curing {unknown}
 l - a potion of agility {unknown}
 m - a potion of cancellation {unknown}
 n - a potion of mutation {unknown}
Comestibles
 d - 2 rations


   Skills:
 - Level 3.0 Short Blades
 - Level 3.0 Dodging
 - Level 4.4 Stealth
 - Level 6.1 Spellcasting
 + Level 5.9 Hexes


You had 11 spell levels left.
You knew the following spells:

 Your Spells              Type           Power        Failure   Level  Hunger
a - Corona                Hex            ####...      1%          1    None
b - Ensorcelled Hibernat  Hex/Ice        ###...       5%          2    None
c - Confuse               Hex            ####....     3%          3    ##.....

Your spell library contained the following spells:

 Spells                   Type           Power        Failure   Level  Hunger
 Tukima's Dance           Hex            ####....     3%          3    ##.....
 Dazzling Spray           Conj/Hex       ###...       11%         3    ##.....


Dungeon Overview and Level Annotations

Branches:
Dungeon (6/15)              Sewer (visited)
 Temple: D:4-7

Altars:

Annotations:
D:4 Fang's ghost, amateur GrBe


Innate Abilities, Weirdness & Mutations

You are very small and have problems with some larger weapons.
You are too small for most types of armour.
You have supernaturally acute eyesight. (SInv)
You are a herbivore.
You cover ground extremely quickly.
You need to consume almost no food.


Message History

The orc hits you from afar with a +0 trident!
You hit the orc. You burn the orc.
You kill the orc!
The orc hits you from afar with a +0 trident.
* * * LOW HITPOINT WARNING * * *
The orc misses you.
Things that are here:
a +0 flail; a +0 leather armour; an orc corpse You hit the orc.
You burn the orc.
The orc is moderately wounded.
You hit the orc. You burn the orc.
The orc is heavily wounded.
The orc misses you.
You hit the orc but do no damage.
The orc is heavily wounded.
The orc barely misses you.
You barely miss the orc.
The orc is heavily wounded.
The orc hits you with a +0 trident!
You die...

#...# #...# .
##...## .. #.....#
... #.....# ....
#..... .....
###..#########......
#[..<.....)†@o......
#.#.################
#. #. #. #. #. #.


You could see an orc.

Vanquished Creatures
  A crocodile (Sewer)
  A scorpion (D:4)
  A bullfrog skeleton (D:4)
  2 iguanas
  3 worker ants
  A hound skeleton (D:4)
  An adder (D:4)
  An adder skeleton (D:4)
  A dart slug (D:1)
  3 leopard geckos (D:1)
  4 orcs (D:6)
  7 bats (D:1)
  6 giant cockroaches
  8 goblins
  4 hobgoblins (D:1)
  4 jackals
  8 kobolds
  6 frilled lizards
  A quokka skeleton (D:4)
  13 rats
76 creatures vanquished.

Notes
Turn   | Place    | Note
-------+----------+-------------------------------------------
     0 | D:1      | xraymikek the Spriggan Enchanter began the quest for the
                  | Orb.
     0 | D:1      | Reached XP level 1. HP: 9/9 MP: 5/5
   510 | D:1      | Reached XP level 2. HP: 6/13 MP: 6/6
   683 | D:1      | Learned a level 2 spell: Ensorcelled Hibernation
   895 | D:1      | Reached skill level 3 in Spellcasting
  1291 | D:1      | Reached XP level 3. HP: 12/16 MP: 8/8
  1704 | D:1      | Learned a level 3 spell: Confuse
  2324 | D:2      | Reached skill level 4 in Spellcasting
  2394 | D:2      | You fall into a shaft and drop 2 floors!
  2422 | D:4      | Found a runed translucent door.
  2422 | D:4      | Noticed Fang's ghost (amateur GrBe)
  2435 | D:4      | Reached XP level 4. HP: 21/21 MP: 7/11
  2541 | D:4      | Reached skill level 5 in Spellcasting
  2691 | D:4      | Reached XP level 5. HP: 21/24 MP: 5/14
  2860 | D:4      | Reached skill level 6 in Spellcasting
  2899 | D:4      | Found a glowing drain.
  2903 | Sewer    | Entered a sewer
  2942 | Sewer    | Noticed a crocodile
  2972 | Sewer    | Killed a crocodile
  3104 | D:4      | Reached skill level 5 in Hexes
  3104 | D:4      | Reached XP level 6. HP: 27/28 MP: 16/16
  3450 | D:5      | Entered Level 5 of the Dungeon
  3509 | D:6      | Slain by an orc

Levels and vault maps discovered:
D:1:      dpeg_arrival_subterranean_lakeside_camping, layout_loops_corners,
          hex_medium, minmay_vboxes
D:2:      layout_basic, uniq_sigmund
D:3:      layout_rooms, minitemple, overflow_temple_1_default,
          gammafunk_ghost_arena, minmay_misc_feat_four_crosses,
          nicolae_ru_awakened_eye
D:4:      layout_basic, hellmonk_ghost_happy_afterlife, gup_sewer_entry_bowl,
          okawaru_altar_gauntlet_db
D:5:      layout_basic, gammafunk_temple_overflow_arena, first_ration,
          serial_corexii_hall, chequers_hall_statues_corner_a,
          corexii_hall_statues_i
D:6:      layout_basic, marbit_many_paths, minmay_temple_entry_offerings

Skill      XL: |  1  2  3  4  5 |
---------------+----------------+-----
Short Blades   | 2 3 |  3.0
Spellcasting   | 3 4 5 6 |  6.1
Hexes          | 5 |  5.9
Dodging        | |  3.0
Stealth        | |  4.4

Action                   |  1- 3 |  4- 6 || total
-------------------------+-------+-------++-------
Melee: Dagger            |   221 |   102 ||   323
 Cast: Ensorcelled Hiber |    17 |    14 ||    31
       Confuse           |       |    10 ||    10
 Stab: Sleeping          |    20 |     9 ||    29
       Confused          |       |     2 ||     2
       Distracted        |       |     1 ||     1
  Eat: Ration            |       |     1 ||     1
Armor: Robe              |    18 |     8 ||    26
Dodge: Dodged            |   164 |    78 ||   242
